 Seeded DCSS version 0.30-a0-845-g7c6808c8ce (webtiles) character file.

Game seed: 13605347439462872262 (custom seed)

33678 bmack86 the Severer (level 13, 0/116 HPs)
             Began as a Minotaur Fighter on Mar 2, 2023.
             Was a High Priest of Okawaru.
             Killed from afar by a steam dragon (12 damage)
             ... with a ball of steam
             ... in a volcano.
             The game lasted 00:33:52 (16069 turns).

bmack86 the Severer (Minotaur Fighter)             Turns: 16069, Time: 00:33:53

Health: 0/116      AC: 26    Str: 29    XL:     13   Next: 38%
Magic:  18/18      EV:  7    Int:  5    God:    Okawaru [*****.]
Gold:   527        SH: 12    Dex:  9    Spells: 12/12 levels left

rFire   . . .      SeeInvis +    w - +8 war axe of the Dragonfly {holy, rC+ Str+4}
rCold   + . .      Faith    .    c - +1 buckler
rNeg    + . .      Spirit   .    L - +3 plate armour
rPois   .          Reflect  +    i - +1 hat "Siuceona" {rElec rN+ Will+ Dex-2}
rElec   +          Rampage  .    G - +2 cloak
rCorr   .                        N - +2 pair of gloves {hurl}
Will    ++...                    (no boots) Stlth
                                 P - amulet of reflection
HPRegen 0.39/turn                r - ring of see invisible
MPRegen 0.16/turn                S - ring of willpower

@: no status effects
A: horns 2, retaliatory headbutt
a: Renounce Religion, Heroism, Finesse, Duel


You were in a volcano.
You worshipped Okawaru.
Okawaru was extremely pleased with you.
You visited 3 branches of the dungeon, and saw 17 of its levels.
You also visited: Volcano.

You collected 962 gold pieces.
You spent 435 gold pieces at shops.

Inventory:

Hand Weapons
 n - a +1 hand axe of flaming
 w - the +8 war axe of the Dragonfly (weapon) {holy, rC+ Str+4}
   (You bought it in a shop on level 1 of the Dungeon)

   Str:       It affects your strength (+4).
   rC:        It protects you from cold.
 D - the +8 Wrath of Trog {antimagic, *Rage Rampage}
   (Okawaru gifted it to you on level 1 of the Lair of Beasts)

   It causes slowness and exhaustion when equipped.
   It extends the wielder's berserk rage when killing foes.
   *Rage:     It berserks you when you make melee attacks (+50% chance).
   Rampage:   It bestows one free step when moving towards enemies.
 I - a +2 heavy broad axe
 K - a +2 war axe of electrocution
Missiles
 e - 7 curare-tipped darts
 j - 3 silver boomerangs (quivered)
 B - 8 javelins
 E - 7 boomerangs
Armour
 c - a +1 buckler (worn)
 i - the +1 hat "Siuceona" (worn) {rElec rN+ Will+ Dex-2}
   (You acquired it on level 1 of the Dungeon)

   Dex:       It affects your dexterity (-2).
   rElec:     It insulates you from electricity.
   rN:        It protects you from negative energy.
   Will:      It increases your willpower.
 l - a +0 pair of gloves
 G - a +2 cloak (worn)
 L - a +3 plate armour (worn)
 N - a +2 pair of gloves of hurling (worn)
Jewellery
 a - a ring of protection from cold
 b - a ring of poison resistance
 r - a ring of see invisible (left hand)
 O - an amulet of guardian spirit
 P - an amulet of reflection (around neck)
 S - a ring of willpower (right hand)
 V - a ring of ice
Wands
 s - a wand of roots (10)
 t - a wand of polymorph (8)
 z - a wand of flame (41)
 H - a wand of light (12)
Scrolls
 p - 4 scrolls of fog
 u - a scroll of vulnerability
 x - 2 scrolls of immolation
 y - 7 scrolls of blinking
 A - 4 scrolls of teleportation
 J - 2 scrolls of poison
 Q - a scroll of silence
 R - 3 scrolls of identify
 U - 2 scrolls of amnesia
Potions
 d - 6 potions of might
 f - a potion of resistance
 g - 2 potions of berserk rage
 h - 2 potions of cancellation
 k - 6 potions of lignification
 o - 2 potions of heal wounds
 q - 3 potions of flight
 v - 4 potions of curing
 C - a potion of invisibility
 F - 2 potions of haste
 M - a potion of ambrosia
 T - a potion of magic


   Skills:
 + Level 11.4 Fighting
 * Level 15.2 Axes
 + Level 8.2 Throwing
 + Level 11.4 Armour
 + Level 11.6 Shields
 + Level 8.2 Invocations


You had 12 spell levels left.
You didn't know any spells.
Your spell library contained the following spells:

 Spells                   Type           Power      Damage    Failure   Level
 Magic Dart               Conj           0%         1d3       99%         1
 Sting                    Tmut/Pois      0%         1d3       99%         1
 Ensorcelled Hibernation  Hex/Ice        0%         N/A       100%        2
 Poisonous Vapours        Pois/Air       0%         N/A       100%        2
 Scorch                   Fire           0%         2d5       100%        2
 Mephitic Cloud           Conj/Pois/Air  0%         N/A       100%        3
 Ozocubu's Armour         Ice            0%         N/A       100%        3
 Spider Form              Tmut/Pois      0%         N/A       100%        3
 Anguish                  Hex/Necr       0%         N/A       100%        4
 Flame Wave               Conj/Fire      0%         2d4       100%        4
 Olgreb's Toxic Radiance  Pois           0%         N/A       100%        4
 Fireball                 Conj/Fire      0%         3d3       100%        5
 Iskenderun's Battlesphe  Conj           0%         2d6       100%        5
 Conjure Ball Lightning   Conj/Air       0%         3x3d6     100%        6
 Orb of Destruction       Conj           0%         9d5       100%        7
 Ozocubu's Refrigeration  Ice            0%         4d7       100%        7
 Call Imp                 Summ           Unusable   N/A       N/A         2
 Summon Cactus Giant      Summ           Unusable   N/A       N/A         6

Dungeon Overview and Level Annotations

Branches:
Dungeon (11/15)            Temple (1/1) D:5            Lair (5/5) D:11
  Swamp (0/4) Lair:2        Snake (0/4) Lair:3        Slime (0/5) Lair:5
    Orc (0/2) D:10        Volcano (1/1)

Altars:
Ashenzari
Cheibriados
Dithmenos
Elyvilon
Fedhas
Gozag
Hepliaklqana
Kikubaaqudgha
Makhleb
Nemelex Xobeh
Okawaru
Qazlal
Ru
Sif Muna
Trog
Uskayaw
Vehumet
Wu Jian
Xom
Yredelemnul
Zin
The Shining One

Shops:
D:1 (   D:2 [   D:5 [   D:10 [


Innate Abilities, Weirdness & Mutations

You have a pair of horns on your head.
You reflexively headbutt those who attack you in melee.


Message History

Okawaru accepts your kill.
You closely miss the steam dragon.
You are engulfed in a cloud of scalding steam.
The steam dragon bites you but does no damage.
The steam dragon barely misses you. You block the steam dragon's attack. x2
You slash the steam dragon!
The steam dragon is almost dead.
You hit the steam dragon but do no damage.
You are engulfed in a cloud of scalding steam.
You block the steam dragon's attack.
The steam dragon claws you but does no damage.
You block the steam dragon's attack.
The steam dragon claws you but does no damage.
You slash the steam dragon!
You kill the steam dragon!
Okawaru accepts your kill.
You slash the steam dragon!
You kill the steam dragon!
Okawaru accepts your kill.
You are engulfed in a cloud of scalding steam.
A steam dragon comes into view.
The steam dragon hisses angrily.
The steam dragon breathes steam at you. The ball of steam hits you!
The steam dragon breathes steam at you. The ball of steam hits you!
* * * LOW HITPOINT WARNING * * *
You hear an angry hiss.
You are engulfed in a cloud of scalding steam.
* * * LOW HITPOINT WARNING * * *
The steam dragon bites you!
* * * LOW HITPOINT WARNING * * *
The steam dragon barely misses you.
You closely miss the steam dragon.
The steam dragon bites you but does no damage.
You block the steam dragon's attack.
You closely miss the steam dragon. The steam dragon breathes steam at you.
The ball of steam hits you!
You die...

#..... ......
####.....
##......#
##.......#
##.......#
##....§..#
#......§.#
#..@D.§..#
##..§##§#.#
#....###§D..
##.#####.......
#..# #..........
##..##...........
#..##......#.#..#
#.##.....#######
#.##.....#


You could see a steam dragon (catching breath).

Vanquished Creatures
  A hydra (Lair:4)
  The ghost of retardedninja the Blocker, a journeyman GnFi of Gozag (D:10)
  Erica (D:10)
  2 two-headed ogres
  2 boulder beetles (Lair:4)
  Urug (D:10)
  Sonja (D:10)
  2 bog bodies (Lair:2)
  Pikel (D:5)
  A manticore (D:11)
  Joseph (D:7)
  2 black mambas
  A guardian serpent (Lair:3)
  7 cane toads
  A torpor snail (Lair:4)
  2 rime drakes (Lair:4)
  6 unseen horror zombies (D:9)
  2 kobold demonologists
  7 komodo dragons
  A polar bear (Lair:1)
  2 trolls (D:11)
  2 hornets (D:9)
  11 blink frogs
  2 shadows (D:10)
  A wraith (D:10)
  3 wyverns
  22 yaks
  4 fire bats (Lair:5)
  4 vampire mosquitoes (D:6)
  9 steam dragons
  A basilisk (Lair:4)
  3 wargs
  Menkaure (D:7)
  2 acid dragons
  5 water moccasins
  9 orc warriors
  2 ice beasts
  3 hell hounds (Volcano)
  3 sky beasts
  4 ogres
  4 black bears
  4 centaurs
  15 wolves
  3 phantoms
  4 kobold brigands
  A gnoll sergeant (D:7)
  6 bullfrogs
  7 scorpions
  10 wights
  5 killer bees (D:7)
  A howler monkey (D:4)
  An electric eel (Lair:2)
  2 centaur zombies (D:9)
  6 hounds
  A gnoll bouda (D:6)
  A jelly (D:6)
  Crazy Yiuf (D:7)
  15 orc priests
  3 sleepcaps (D:6)
  8 iguanas
  10 orc wizards
  Terence (D:2)
  A killer bee zombie (D:9)
  8 gnolls
  5 adders
  A shadow imp (D:6)
  5 white imps
  5 ufetubi
  A worm (D:3)
  2 dart slugs
  56 orcs
  11 ball pythons
  3 bats
  8 endoplasms
  5 giant cockroaches
  19 goblins
  9 hobgoblins
  11 jackals
  13 kobolds
  5 quokkas
  2 frilled lizards
  5 rats
420 creatures vanquished.

Vanquished Creatures (collateral kills)
  A jelly (D:4)
  A jackal (D:4)
  A kobold (D:4)
3 creatures vanquished.

Vanquished Creatures (others)
  2 fungi
  25 plants
27 creatures vanquished.

Grand Total: 450 creatures vanquished

Notes
Turn   | Place    | Note
-------+----------+-------------------------------------------
     0 | D:1      | bmack86 the Minotaur Fighter began the quest for the Orb.
     0 | D:1      | Reached XP level 1. HP: 19/19 MP: 0/0
   139 | D:1      | Reached XP level 2. HP: 20/27 MP: 1/1
   291 | D:1      | Reached skill level 3 in Axes
   426 | D:1      | Found a faded altar of an unknown god.
   426 | D:1      | Noticed a Hell Sentinel
   538 | D:1      | Found Lexawi's Antique Weapon Emporium.
   595 | D:1      | Identified a scroll of acquirement
   595 | D:1      | Acquired the +1 hat "Siuceona" {rElec rN+ Will+ Dex-2}
  1015 | D:1      | Reached XP level 3. HP: 33/33 MP: 2/2
  1485 | D:2      | Found Osumy's Armour Boutique.
  1784 | D:2      | Noticed Terence
  1790 | D:2      | Killed Terence
  1791 | D:2      | Reached XP level 4. HP: 39/40 MP: 3/3
  1967 | D:3      | Reached skill level 4 in Axes
  2029 | D:3      | Found a shadowy altar of Dithmenos.
  2484 | D:4      | Reached XP level 5. HP: 42/47 MP: 4/4
  2494 | D:4      | Noticed an ogre
  2502 | D:4      | Killed an ogre
  2503 | D:4      | Reached skill level 5 in Axes
  2513 | D:4      | Reached skill level 5 in Shields
  2513 | D:4      | Reached XP level 6. HP: 29/55 MP: 5/5
  2518 | D:4      | Reached skill level 5 in Fighting
  2518 | D:4      | Reached skill level 5 in Armour
  2823 | D:4      | Identified the +5 robe "Heepeag" {Contam rPois Regen+ SInv}
  3224 | D:5      | Entered Level 5 of the Dungeon
  3227 | D:5      | Reached skill level 6 in Axes
  3227 | D:5      | Reached XP level 7. HP: 61/61 MP: 6/6
  3648 | D:1      | Bought an iridescent war axe for 204 gold pieces
  3648 | D:1      | Identified the +8 war axe of the Dragonfly {holy, rC+
                  | Str+4} (You bought it in a shop on level 1 of the Dungeon)
  3808 | D:5      | Found a staircase to the Ecumenical Temple.
  3816 | Temple   | Entered the Ecumenical Temple
  3825 | Temple   | Became a worshipper of Warmaster Okawaru
  3903 | D:5      | Reached skill level 7 in Axes
  3998 | D:5      | Reached XP level 8. HP: 59/70 MP: 7/7
  4004 | D:5      | Reached skill level 1 in Throwing
  4004 | D:5      | Reached skill level 1 in Invocations
  4109 | D:5      | Found Saobleg's Armour Shop.
  4134 | D:5      | Noticed Pikel
  4143 | D:5      | Killed Pikel
  4143 | D:5      | Reached * piety under Okawaru
  4144 | D:5      | Reached skill level 8 in Axes
  4544 | D:5      | Found a glowing silver altar of Zin.
  4745 | D:6      | Found a hazy altar of Hepliaklqana.
  4750 | D:6      | Reached XP level 9. HP: 78/78 MP: 9/9
  4921 | D:6      | Reached ** piety under Okawaru
  4943 | D:6      | Reached skill level 9 in Axes
  5286 | D:6      | HP: 3/79 [acid dragon (4)]
  5291 | D:6      | Reached *** piety under Okawaru
  5556 | D:6      | Reached skill level 10 in Axes
  5659 | D:6      | Found an ornate altar of the Wu Jian Council.
  5784 | D:6      | Found a bloodstained altar of Trog.
  5802 | D:6      | Reached XP level 10. HP: 81/88 MP: 12/12
  5941 | D:7      | Noticed Joseph
  5953 | D:7      | Killed Joseph
  5953 | D:7      | Received a gift from Okawaru
  6081 | D:7      | Noticed Menkaure
  6086 | D:7      | Killed Menkaure
  6235 | D:7      | Found a white marble altar of Elyvilon.
  6559 | D:7      | Reached **** piety under Okawaru
  7076 | D:7      | Found a runed translucent door.
  7077 | D:7      | Noticed Crazy Yiuf
  7234 | D:7      | Killed Crazy Yiuf
  7305 | D:8      | Reached skill level 11 in Axes
  7429 | D:8      | Reached skill level 5 in Throwing
  7433 | D:8      | Reached skill level 5 in Invocations
  7686 | D:8      | Reached ***** piety under Okawaru
  8052 | D:8      | Identified the +1 leather armour of Duck's Teeth {rElec
                  | Will+}
  8381 | D:8      | Noticed a two-headed ogre
  8389 | D:8      | Killed a two-headed ogre
  8390 | D:8      | Reached XP level 11. HP: 94/95 MP: 12/14
  8530 | D:9      | Paralysed by a hornet for 2 turns
  8863 | D:9      | Found an opulent altar of Gozag.
  8967 | D:9      | Received a gift from Okawaru
  9056 | D:9      | Found a shimmering blue altar of Sif Muna.
  9358 | D:9      | Reached skill level 12 in Axes
  9413 | D:9      | Found a basalt altar of Yredelemnul.
  9762 | D:5      | Bought a +1 pair of gloves of hurling for 231 gold pieces
  9945 | D:10     | Entered Level 10 of the Dungeon
  9953 | D:10     | Found Qoupn's Antique Armour Shop.
  9958 | D:10     | Noticed Sonja
  9975 | D:10     | Killed Sonja
 10179 | D:10     | Noticed Urug
 10193 | D:10     | Killed Urug
 10335 | D:10     | Found a staircase to the Orcish Mines.
 10521 | D:10     | Noticed a two-headed ogre
 10528 | D:10     | Noticed a sun demon
 10528 | D:10     | Killed a two-headed ogre
 10819 | D:10     | Found a blossoming altar of Fedhas.
 10819 | D:10     | Noticed Erica
 10828 | D:10     | Killed Erica
 10829 | D:10     | Reached skill level 13 in Axes
 10829 | D:10     | Reached skill level 10 in Shields
 10960 | D:10     | Found a runed translucent gate.
 10961 | D:10     | Found a runed translucent gate.
 10962 | D:10     | Found a runed translucent gate.
 10963 | D:10     | Noticed retardedninja's ghost (journeyman GnFi)
 10985 | D:10     | Received a gift from Okawaru
 10998 | D:10     | Killed retardedninja's ghost
 10999 | D:10     | Reached skill level 10 in Fighting
 10999 | D:10     | Reached skill level 10 in Armour
 10999 | D:10     | Reached XP level 12. HP: 77/106 MP: 8/15
 11583 | D:11     | Found a staircase to the Lair.
 11872 | Lair:1   | Entered Level 1 of the Lair of Beasts
 11880 | Lair:1   | Received a gift from Okawaru
 12238 | Lair:1   | Received a gift from Okawaru
 12238 | Lair:1   | Found the +8 Wrath of Trog {antimagic, *Rage Rampage}
 12680 | Lair:1   | Reached skill level 14 in Axes
 13533 | Lair:2   | Found a staircase to the Swamp.
 14022 | Lair:3   | Found a staircase to the Snake Pit.
 14051 | Lair:3   | Received a gift from Okawaru
 14487 | Lair:3   | Identified the +4 scimitar "Acarine's Funeral" {venom, rC+
                  | Str+4}
 14710 | Lair:4   | Noticed a boulder beetle
 14717 | Lair:4   | Killed a boulder beetle
 14731 | Lair:4   | Reached XP level 13. HP: 116/116 MP: 17/17
 14797 | Lair:4   | Received a gift from Okawaru
 15394 | Lair:4   | Identified the +11 executioner's axe of Zoameucs {venom,
                  | rF+} (Okawaru gifted it to you on level 4 of the Lair of
                  | Beasts)
 15394 | Lair:4   | Received a gift from Okawaru
 15475 | Lair:4   | Reached skill level 15 in Axes
 15934 | Lair:5   | Entered Level 5 of the Lair of Beasts
 15975 | Lair:5   | Found a dark tunnel.
 15995 | Volcano  | Entered a volcano
 16069 | Volcano  | Killed from afar by a steam dragon

Illustrated notes

Levels and vault maps discovered:
D:1:      kilobyte_arrival_exit_the_forest, layout_loops_corners, serial_shops,
          shop_fountains, dreamdust_ecumenical_altar_sealed_demon
D:2:      layout_loops_cross, serial_shops, shop, grunt_ministairs_5,
          minmay_misc_feat_iff, uniq_terence
D:3:      layout_basic, general_overflow_altar
D:4:      layout_basic, grunt_ministairs_3
D:5:      layout_loops_corners, mainiacjoe_overflow_alcove_2,
          minmay_temple_entry_butterflies, kennysheep_flooded_box,
          nicolae_inconvenience_store, kennysheep_generic_room_8, uniq_pikel
D:6:      kennysheep_windowed_halls, layout_cave_pools,
          nicolae_hepliaklqana_hazy_memory, nicolae_overflow_crystal_walls,
          trog_butcher_becter
D:7:      layout_basic, mainiacjoe_overflow_24_doors, serial_corexii_hall,
          chequers_hall_statues_y, corexii_hall_statues_i,
          grunt_decor_arrowhead, uniq_crazy_yiuf_cottage, uniq_joseph,
          uniq_menkaure
D:8:      corexii_shack_village, layout_loops_cross,
          hangedman_abyss_or_decor_clamps, amethyst_killhole
D:9:      layout_loops_ring, nicolae_gozag_seed_capital, kennysheep_mini,
          nicolae_yredelemnul_corpse_copse, david_defended_altar_orc
D:10:     layout_irregular_city, fedhas_altar_1, orc_0_dummy,
          biasface_ghost_orc_armoury, serial_shops, shop, uniq_erica,
          uniq_sonja, uniq_urug
D:11:     layout_cave_pools, erik_lair_orcish_takeover
Temple:   nicolae_temple_no_exploring_needed
Lair:1:   layout_regular_city
Lair:2:   layout_roguey, skrybe_swamp_entry_bodies, serial_forest,
          infiniplex_forest_corner_1, infiniplex_forest_join,
          infiniplex_forest_diagonal, infiniplex_forest_pool,
          infiniplex_forest_corner_1, infiniplex_forest_lined_4_way,
          serial_bayou_shore_a
Lair:3:   layout_roguey, minmay_snake_entry_spellcaster, minivault_24,
          lemuel_fruit_tree, grunt_megastairs_5
Lair:4:   layout_concentric_octagons, infiniplex_staircase_pool
Lair:5:   grunt_lair_end_beastmaster, layout_gridlike, slime_entry_2,
          nicolae_volcano_entry_hallway
Volcano:  hellmonk_smoking_crater

Skill      XL: |  1  2  3  4  5  6  7  8  9 10 11 12 13 |
---------------+----------------------------------------+-----
Axes           | 3 4 5 6 7 8 10 11 13 14 15 | 15.2
Armour         | 4 5 6 7 8 10 11 | 11.4
Shields        | 4 5 6 7 8 9 10 11 | 11.6
Fighting       | 4 5 6 7 8 10 11 | 11.4
Throwing       | 2 4 5 6 7 8 |  8.2
Invocations    | 2 4 5 6 7 8 |  8.2

Action                     |  1- 3 |  4- 6 |  7- 9 | 10-12 | 13-15 || total
---------------------------+-------+-------+-------+-------+-------++-------
  Melee: War axe           |    72 |   112 |   177 |   456 |   110 ||   927
         Headbutt          |     7 |    12 |    34 |    74 |    32 ||   159
         Hand axe          |       |       |       |       |     7 ||     7
  Throw: Boomerang         |       |       |       |    25 |       ||    25
 Invoke: Heroism           |       |       |       |     4 |       ||     4
         Finesse           |       |       |       |     3 |       ||     3
    Use: Scroll            |     2 |     5 |     3 |    27 |     2 ||    39
         Potion            |       |       |     1 |     1 |       ||     2
 Armour: Scale mail        |    10 |       |       |       |       ||    10
         Chain mail        |    34 |    72 |   110 |    44 |       ||   260
         Plate armour      |       |       |       |   212 |    88 ||   300
  Dodge: Dodged            |    33 |    38 |    90 |   142 |    39 ||   342
  Block: Buckler           |    20 |    35 |    57 |   232 |    87 ||   431

Table legend: (Time is in decaauts)
 A = Elapsed time spent in this place.
 B = Non-inter-level travel time spent in this place.
 C = Inter-level travel time spent in this place.
 D = Time resting spent in this place.
 E = Time spent auto-exploring this place.
 F = Levels seen in this place.
 G = Mean time per level.
                   A        B        C        D        E       F      G
               +--------+--------+--------+--------+--------+-----+--------+
         Total |  16096 |  15189 |    907 |    192 |  11376 |  18 |  894.2 |
       Dungeon |  11911 |  11119 |    792 |    192 |   8090 |  11 | 1082.8 |
        Temple |     18 |     18 |      0 |      0 |      0 |   1 |   18.0 |
          Lair |   4097 |   3982 |    115 |      0 |   3285 |   5 |  819.4 |
       Volcano |     68 |     68 |      0 |      0 |      0 |   1 |   68.0 |
               +--------+--------+--------+--------+--------+-----+--------+

Top non-repeatable levels by time:
     D:7: 1410 daAuts
     D:6: 1385 daAuts
     D:5: 1332 daAuts
     D:8: 1290 daAuts
  Lair:4: 1208 daAuts
    D:10: 1176 daAuts
     D:1: 1155 daAuts
  Lair:1: 1142 daAuts
     D:9: 1124 daAuts
  Lair:2: 999 daAuts
     D:4: 808 daAuts
     D:3: 760 daAuts
     D:2: 740 daAuts
    D:11: 725 daAuts
  Lair:3: 689 daAuts
